 Seeded DCSS version 0.29.1-1-gd02db6906a (webtiles) character file.

Game seed: 2387645567842811425 (custom seed)

157 lonewolfV2 the Trooper (level 5, -6/42 HPs)
             Began as a Demonspawn Berserker on Oct 18, 2022.
             Was a Believer of Trog.
             Mangled by a gnoll
             ... wielding a +0 halberd
              (10 damage)
             ... on level 3 of the Dungeon.
             The game lasted 00:04:30 (2763 turns).

lonewolfV2 the Trooper (Demonspawn Berserker)       Turns: 2763, Time: 00:04:30

Health: -6/42      AC:  8    Str: 19    XL:     5   Next: 15%
Magic:  5/5        EV: 15    Int:  9    God:    Trog [**....]
Gold:   105        SH:  5    Dex: 22    Spells: 4/4 levels left

rFire   . . .      SeeInvis .   c - +0 executioner's axe (flame)
rCold   . . .      Faith    .   (shield currently unavailable)
rNeg    . . .      Spirit   .   d - +2 scale mail {rPois}
rPois   +          Reflect  +   (no helmet)
rElec   .          Harm     .   (no cloak)
rCorr   .          Rampage  .   (no gloves)
Will    .....                   (no boots)
Stlth   ..........              b - amulet of Gygu {Reflect Dex+4 Slay+3 SH+5}
HPRegen 0.14/turn               i - +4 ring of evasion
MPRegen 0.09/turn               m - +6 ring of dexterity

@: no status effects
A: foul stench 1, spiny 1
a: Renounce Religion, Berserk, Trog's Hand


You were on level 3 of the Dungeon.
You worshipped Trog.
Trog was pleased with you.
You visited 1 branch of the dungeon, and saw 3 of its levels.

You collected 105 gold pieces.

Inventory:

Hand Weapons
 c - a +0 executioner's axe of flaming (weapon)
Missiles
 p - a throwing net (quivered)
Armour
 a - a +0 animal skin
 d - a +2 scale mail of poison resistance (worn)
Jewellery
 b - the amulet of Gygu (around neck) {Reflect Dex+4 Slay+3 SH+5}
   (You acquired it on level 1 of the Dungeon)

   [amulet of reflection]

   It reflects blocked missile attacks.
   Dex:       It affects your dexterity (+4).
   Slay:      It affects your accuracy & damage with ranged weapons and melee
   (+3).
   SH:        It affects your SH (+5).
 i - a +4 ring of evasion (left hand)
 m - a +6 ring of dexterity (right hand)
Scrolls
 f - a scroll of teleportation
 h - a scroll of enchant weapon {unknown}
 l - a scroll of magic mapping
 n - a scroll of immolation {unknown}
Potions
 e - 4 potions of curing {unknown}
 g - a potion of haste {unknown}
 j - a potion of magic {unknown}
 k - a potion of flight {unknown}
 o - a potion of lignification {unknown}


   Skills:
 + Level 3.9 Fighting
 + Level 2.9 Armour
 + Level 2.8 Dodging
 + Level 3.5 Unarmed Combat


You had 4 spell levels left.
You didn't know any spells.
Your spell library was empty.

Dungeon Overview and Level Annotations

Branches:
Dungeon (3/15)

Altars:
Nemelex Xobeh
Trog


Innate Abilities, Weirdness & Mutations

You may rarely emit foul miasma when damaged in melee.
You are partially covered in sharp spines.


Message History

The gnoll hits you with a +0 whip.
The gnoll hits you from afar with a +0 halberd!
A goblin comes into view. It is wielding a +0 mace.
The goblin shouts!
You hit the gnoll but do no damage.
The gnoll is severely wounded.
The frilled lizard hisses.
You block the gnoll's attack. The gnoll barely misses you.
The gnoll closely misses you. The gnoll is struck by your spines.
The gnoll hits you with a +0 whip.
You barely miss the gnoll.
The gnoll is severely wounded.
The gnoll closely misses you. The gnoll is struck by your spines.
You kill the gnoll!
Trog accepts your kill.
The gnoll hits you from afar with a +0 halberd!
The gnoll closely misses you. The gnoll hits you with a +0 halberd!
* * * LOW HITPOINT WARNING * * *
You closely miss the gnoll. The gnoll barely misses you.
The gnoll closely misses you. The gnoll hits you with a +0 halberd.
* * * LOW HITPOINT WARNING * * *
The gnoll barely misses you.
Unknown command.
You slash the gnoll! You burn the gnoll.
You kill the gnoll!
Trog accepts your kill. The gnoll closely misses you.
You block the frilled lizard's attack. You block the gnoll's attack.
Unknown command.
You barely miss the frilled lizard. The gnoll barely misses you.
The frilled lizard is struck by your spines.
You kill the frilled lizard!
Trog accepts your kill. The gnoll closely misses you.
The goblin is struck by your spines. The goblin barely misses you.
You block the gnoll's attack.
You hit the goblin. You burn the goblin.
You kill the goblin!
Trog accepts your kill.
The gnoll hits you from afar with a +0 halberd!
You die...

.......###.# #.# *,,,* ***
≈≈≈..#.#...# #.# *,,,* **,*
≈≈≈≈......## #.# *,,,****,,*
._≈≈.##.#..#*#.## **,***,,,**
≈≈≈≈.##†##...#..##*** *,***,***
≈≈≈.....####.....,,,***,**,,*****
.......=.######.#**,,,*.**,***,,,
###..###......#)####$...,,,***,,,
................@)g.....,,,,,,,,,
###..#############g.....,,,**,,,,
#,,** ***,.....**,*,,,,, ***,,,*
****,,,*.#..,,,,,,,,,
,**,*,*******,,,,*,,,...,,,**,,,,
,,,,*,*,,,,,,,,,,,<**,..**,**,,,,
**,,,,,,*,,,,**********.**,**,***
**,,,,,,*,**** ***>,*,**,**
,,,,*,,,,,*** *,,,,,,**,,**


You could see 2 gnolls.

Vanquished Creatures
  7 gnolls
  2 adders (D:2)
  3 dart slugs
  An orc (D:3)
  7 endoplasms
  5 giant cockroaches
  4 goblins
  4 hobgoblins
  3 jackals (D:1)
  7 kobolds
  4 quokkas
  3 ball pythons
  5 bats
  3 frilled lizards
  6 rats
64 creatures vanquished.

Notes
Turn   | Place    | Note
-------+----------+-------------------------------------------
     0 | D:1      | lonewolfV2 the Demonspawn Berserker began the quest for the
                  | Orb.
     0 | D:1      | Reached XP level 1. HP: 18/18 MP: 1/1
    65 | D:1      | Identified a scroll of acquirement
    65 | D:1      | Acquired the amulet of Gygu {Reflect Dex+4 Slay+3 SH+5}
   441 | D:2      | Found a sparkling altar of Nemelex Xobeh.
   448 | D:2      | Gained mutation: You may rarely emit foul miasma when
                  | damaged in melee. [demonic ancestry]
   448 | D:2      | Reached XP level 2. HP: 23/24 MP: 2/2
   458 | D:2      | Acquired a +0 executioner's axe of flaming
   789 | D:1      | Reached XP level 3. HP: 29/29 MP: 3/3
   865 | D:1      | Found a faded altar of an unknown god.
  1042 | D:1      | Reached ** piety under Trog
  1799 | D:2      | Reached XP level 4. HP: 35/35 MP: 4/4
  2733 | D:3      | Found a bloodstained altar of Trog.
  2746 | D:3      | Gained mutation: You are partially covered in sharp spines.
                  | [demonic ancestry]
  2746 | D:3      | Reached XP level 5. HP: 42/42 MP: 5/5
  2763 | D:3      | Mangled by a gnoll

Illustrated notes

Levels and vault maps discovered:
D:1:      lemuel_arrival_room, layout_basic, ebering_ecumenical_altar_box
D:2:      layout_loops_ring, serial_rivers, chequers_serial_rivers_micro_e,
          chequers_serial_rivers_micro_b, chequers_serial_rivers_small_3,
          chequers_serial_rivers_micro_c, chequers_serial_rivers_micro_d,
          basic_altar
D:3:      cheibrodos_helix_gallery, layout_rooms, mainiacjoe_overflow_catwalk,
          mainiacjoe_overflow_surrounded_room, serial_shops, shop,
          nrook_mini_backslash

Skill      XL: |  1  2 |
---------------+-------+-----
Armour         | 2 |  2.9
Dodging        | 2 |  2.8
Unarmed Combat | 3 |  3.5
Fighting       | |  3.9

Action                   |  1- 3 |  4- 6 || total
-------------------------+-------+-------++-------
Melee: Unarmed           |    13 |       ||    13
       Executioner's axe |    77 |    39 ||   116
  Use: Scroll            |     3 |     2 ||     5
Armor: Animal skin       |     3 |       ||     3
       Scale mail        |    48 |    18 ||    66
Dodge: Dodged            |    68 |    44 ||   112
Block: Other             |    27 |    24 ||    51
       Reflection        |     1 |     1 ||     2
